 Dungeon Crawl Stone Soup version 0.31-a0-37-g98a128e1d9 (webtiles) character file.

Game seed: 14553306869918230300

70 senseless the Trooper (level 4, -8/35 HPs)
             Began as a Mummy Fighter on May 15, 2023.
             Mangled by Crazy Yiuf
             ... wielding a +3 quarterstaff of chaos
              (16 damage)
             ... on level 2 of the Dungeon.
             The game lasted 00:03:49 (1402 turns).

senseless the Trooper (Mummy Fighter)               Turns: 1402, Time: 00:03:49

Health: -8/35      AC:  7    Str: 21    XL:     4   Next: 4%
Magic:  2/4        EV:  9    Int:  7    God:
Gold:   149        SH:  4    Dex: 11    Spells: 3/3 levels left

rFire   . . .        a - +0 war axe
rCold   + + .        c - +0 buckler
rNeg    + + +        b - +0 scale mail
rPois   ∞            g - +0 helmet
rElec   +            (no cloak)
rCorr   +            (no gloves)
SInv    .            (no boots)
Will    .....        (no amulet) Stlth
                     (no ring)
HPRegen 0.25/turn    (no ring)
MPRegen 0.09/turn

%: faith
@: resistant
A: cold resistance 1, negative energy resistance 3, torment resistance 2, heat
vulnerability 1, in touch with death 1, no potions, faith
a: no special abilities


You were on level 2 of the Dungeon.
You visited 1 branch of the dungeon, and saw 2 of its levels.

You collected 149 gold pieces.

Inventory:

Hand Weapons
 a - a +0 war axe (weapon)
Armour
 b - a +0 scale mail (worn)
 c - a +0 buckler (worn)
 g - a +0 helmet (worn)
Scrolls
 d - a scroll of noise {unknown}
 e - 2 scrolls of brand weapon {unknown}
 f - 2 scrolls of identify {unknown}
 h - 2 scrolls of fog {unknown}
 i - a scroll of poison {unknown}
 j - a scroll of amnesia {unknown}
 k - a scroll of teleportation {unknown}


   Skills:
 + Level 3.5 Fighting
 + Level 2.2 Axes
 + Level 2.9 Armour
 + Level 2.9 Shields


You had 3 spell levels left.
You didn't know any spells.
Your spell library contained the following spells:

 Spells                   Type           Power      Damage    Failure   Level
 Vhi's Electric Charge    Tloc/Air       0%         N/A       99%         3
 Arcjolt                  Conj/Air       0%         1d10      100%        5
 Plasma Beam              Fire/Air       0%         2x1d11    100%        6


Dungeon Overview and Level Annotations

Branches:
Dungeon (2/15)

Altars:

Annotations:
D:2 Crazy Yiuf


Innate Abilities, Weirdness & Mutations

You are immune to poison.
Your flesh is cold resistant. (rC+)
You are immune to negative energy. (rN+++)
You are immune to unholy pain and torment.
You are vulnerable to heat. (rF-)
You are in touch with the powers of death.
You do not drink.
You have a special connection with the divine. (Faith)


Message History

The bat barely misses you.
You see here 7 stones.
You miss the bat. The bat hits you but does no damage. The bat misses you.
The bat hits you.
You slash the bat!
You kill the bat!
No target in view!
You see here a +0 leather armour.
You see here a +0 robe.
Found a hammer.
Found a runed translucent door.
Crazy Yiuf shouts!
Could not explore, unopened runed door.
You open the door. You hit Crazy Yiuf.
Crazy Yiuf is moderately wounded.
Crazy Yiuf hits you with a +3 quarterstaff of chaos.
Crazy Yiuf burns you.
You hit Crazy Yiuf but do no damage.
Crazy Yiuf is moderately wounded.
Crazy Yiuf hits you with a +3 quarterstaff of chaos.
You feel your power leaking away.
Crazy Yiuf hits you with a +3 quarterstaff of chaos.
You feel protected.
You hit Crazy Yiuf.
Crazy Yiuf is heavily wounded.
Crazy Yiuf grits, "Nubble disdain green!"
Crazy Yiuf hits you with a +3 quarterstaff of chaos.
You hit Crazy Yiuf but do no damage.
Crazy Yiuf is heavily wounded.
Crazy Yiuf hits you with a +3 quarterstaff of chaos!
* * * LOW HITPOINT WARNING * * *
Crazy Yiuf freezes you.
* * * LOW HITPOINT WARNING * * *
You hit Crazy Yiuf.
Crazy Yiuf is heavily wounded.
You block Crazy Yiuf's attack. Crazy Yiuf barely misses you.
You slash Crazy Yiuf!
Crazy Yiuf is almost dead.
Crazy Yiuf hits you with a +3 quarterstaff of chaos!
You die...

####♣♣ ### ##.#..♣♣ ♣♣#..)#
##.....P♣♣♣♣@g...#
#.....P..♣..♣#...#
###...#.P.♣.♣♣♣ ###
###.....##♣♣♣♣♣ ........#
.##.#...#### ########
.)..#......# ####.##.#.#
######.###.####.......#.#######
######.###........####........##


You could see Crazy Yiuf.

Vanquished Creatures
  Robin (D:2)
  An adder (D:2)
  5 endoplasms (D:1)
  A giant cockroach (D:2)
  13 goblins
  3 hobgoblins (D:1)
  8 kobolds
  A quokka (D:1)
  3 ball pythons (D:2)
  3 bats
  4 frilled lizards
  7 rats
50 creatures vanquished.

Notes
Turn   | Place    | Note
-------+----------+-------------------------------------------
     0 | D:1      | senseless the Mummy Fighter began the quest for the Orb.
     0 | D:1      | Reached XP level 1. HP: 18/18 MP: 1/1
   156 | D:1      | Reached XP level 2. HP: 24/24 MP: 2/2
   857 | D:2      | Gained mutation: You are in touch with the powers of death.
                  | [Mummy growth]
   857 | D:2      | Reached XP level 3. HP: 23/29 MP: 3/3
   883 | D:2      | Found a faded altar of an unknown god.
   888 | D:2      | Noticed Robin
   898 | D:2      | Killed Robin
  1067 | D:2      | Reached XP level 4. HP: 35/35 MP: 4/4
  1392 | D:2      | Found a runed translucent door.
  1393 | D:2      | Noticed Crazy Yiuf
  1402 | D:2      | Mangled by Crazy Yiuf

Illustrated notes

Levels and vault maps discovered:
D:1:      lightli_molten_gateway, layout_loops_ring, minmay_pentomino_x4
D:2:      layout_rooms, hellmonk_ecumenical_altar_crossroads, uniq_robin,
          uniq_crazy_yiuf_cottage

Skill      XL: |  1  2 |
---------------+-------+-----
Axes           | 2 |  2.2
Fighting       | |  3.5
Armour         | |  2.9
Shields        | |  2.9

Action                     |  1- 3 |  4- 6 || total
---------------------------+-------+-------++-------
  Melee: War axe           |   124 |    16 ||   140
 Armour: Scale mail        |    72 |     7 ||    79
  Dodge: Dodged            |    77 |     6 ||    83
  Block: Buckler           |    31 |     2 ||    33

Table legend: (Time is in decaauts)
 A = Elapsed time spent in this place.
 B = Non-inter-level travel time spent in this place.
 C = Inter-level travel time spent in this place.
 D = Time resting spent in this place.
 E = Time spent auto-exploring this place.
 F = Levels seen in this place.
 G = Mean time per level.
                   A        B        C        D        E       F      G
               +--------+--------+--------+--------+--------+-----+--------+
         Total |   1463 |   1375 |     88 |      0 |   1012 |   2 |  731.5 |
       Dungeon |   1463 |   1375 |     88 |      0 |   1012 |   2 |  731.5 |
               +--------+--------+--------+--------+--------+-----+--------+

Top non-repeatable levels by time:
     D:1: 858 daAuts
     D:2: 605 daAuts
